 Dungeon Crawl Stone Soup version 0.25-a0-657-ge95d391c20 (webtiles) character file.

Game seed: 17718767006106193809, levelgen mode: deterministic

733 MisterFreud the Shield-Bearer (level 7, -7/60 HPs)
             Began as a Gnoll Fighter on Mar 22, 2020.
             Mangled by a mummy (9 damage)
             ... in an ossuary.
             The game lasted 00:08:36 (3372 turns).

MisterFreud the Shield-Bearer (Gnoll Fighter)       Turns: 3372, Time: 00:08:36

Health: -7/60      AC: 15    Str: 16 (19) XL:     7   Next: 74%
Magic:  10/10      EV:  4    Int: 11 (12) God:
Gold:   169        SH: 10    Dex: 10 (14) Spells: 11/11 levels left

rFire    . . .     SeeInvis .   a - +0 rapier
rCold    . . .     Gourm    +   c - +0 kite shield
rNeg     . . .     Faith    .   h - +0 plate armour
rPois    .         Spirit   .   j - +0 helmet
rElec    .         Reflect  .   (no cloak)
rCorr    .         Harm     .   m - +0 pair of gloves
MR       .....                  (no boots)
Stlth    ..........             d - amulet of the gourmand
HPRegen  0.20/turn              (no ring)
MPRegen  0.12/turn              (no ring)

@: marked
A: distributed training, fangs 1, strong nose
a: no special abilities


You were in an ossuary.
You were not hungry.

You visited 1 branch of the dungeon, and saw 5 of its levels.
You also visited: Ossuary.

You collected 169 gold pieces.

Inventory:

Hand Weapons
 a - a +0 rapier (weapon)
Missiles
 b - 4 boomerangs
 e - 223 stones (quivered)
 k - 14 sling bullets
 o - 17 poisoned darts
 r - 7 javelins
 v - 18 arrows
 z - 5 bolts
Armour
 c - a +0 kite shield (worn)
 h - a +0 plate armour (worn)
 j - a +0 helmet (worn)
 m - a +0 pair of gloves (worn)
Jewellery
 d - an amulet of the gourmand (around neck)
Wands
 y - a wand of enslavement (7)
Scrolls
 i - 4 scrolls of fear {unknown}
 l - a scroll of teleportation {unknown}
 p - a scroll of amnesia {unknown}
 s - 2 scrolls of remove curse {unknown}
 t - 5 scrolls of identify {unknown}
 u - 2 scrolls of magic mapping {unknown}
 B - a scroll of random uselessness {unknown}
 C - a scroll of immolation {unknown}
Potions
 g - a potion of degeneration
 n - 2 potions of stabbing
 x - a potion of brilliance
Comestibles
 f - 5 rations


   Skills:
 + Level 7.1 Fighting
 + Level 5.3 Short Blades
 + Level 2.6 Long Blades
 + Level 2.6 Axes
 + Level 2.6 Maces & Flails
 + Level 2.6 Polearms
 + Level 2.6 Staves
 + Level 2.6 Slings
 + Level 2.6 Bows
 + Level 2.6 Crossbows
 + Level 2.6 Throwing
 + Level 7.1 Armour
 + Level 2.6 Dodging
 + Level 2.6 Stealth
 + Level 7.1 Shields
 + Level 2.6 Unarmed Combat
 + Level 2.6 Spellcasting
 + Level 2.1 Conjurations
 + Level 2.1 Hexes
 + Level 2.1 Charms
 + Level 2.1 Summonings
 + Level 2.1 Necromancy
 + Level 2.1 Translocations
 + Level 2.1 Transmutations
 + Level 2.1 Fire Magic
 + Level 2.1 Ice Magic
 + Level 2.1 Air Magic
 + Level 2.1 Earth Magic
 + Level 2.1 Poison Magic
 + Level 2.9 Invocations
 + Level 2.6 Evocations


You had 11 spell levels left.
You didn't know any spells.
Your spell library was empty.

Dungeon Overview and Level Annotations

Branches:
Dungeon (5/15)            Ossuary (1/1)
 Temple: D:4-7

Altars:
Fedhas
Makhleb
Okawaru
Qazlal

Annotations:
D:4 Eustachio


Innate Abilities, Weirdness & Mutations

Your experience applies equally to all skills.
You have very sharp teeth.
Your uncanny sense of smell can sniff out nearby items.


Message History

The hobgoblin zombie blinks! x2; The mummy blinks! x3
The hobgoblin zombie blinks!
The big kobold zombie blinks!
The big kobold zombie fails to trigger a net trap.
The mummy blinks!
The hobgoblin zombie blinks!
The mummy blinks!
The centaur zombie blinks!
The big kobold zombie blinks! x2; You blink.
The mummy blinks! 2 zombies come into view.
The big kobold zombie enters a dispersal trap!
The hobgoblin zombie blinks! x3
The hobgoblin zombie fails to trigger a net trap.
The big kobold zombie blinks!
The mummy blinks! x2
The hobgoblin zombie blinks!
You blink.
You block the centaur zombie's attack.
The centaur zombie hits you but does no damage.
The centaur zombie hits you.
* * * LOW HITPOINT WARNING * * *
The hobgoblin zombie sets off the alarm!
The alarm trap emits a blaring wail!
The mark upon you grows brighter. The mummy hits you!
You die...

#########
###########.#.#.#.#
##................Z.
#.....Z...^...§..ZZ.
#.....∩Z∩M...^.Z^.^.
#.....Z.Z@Z.M..Z.Z.^
##......M...Z..Z.^Z.
###########.#.#.#.#
####### #


You could see 3 mummies, 5 hobgoblin zombies, 3 big kobold zombies and a centaur
zombie.

Vanquished Creatures
  Grinder (D:4)
  Edmund (D:4)
  A scorpion (D:2)
  A howler monkey (D:4)
  A gnoll shaman (D:4)
  A mummy (D:5)
  Robin (D:2)
  7 adders
  7 gnolls
  3 oozes
  3 worms
  3 dart slugs
  6 leopard geckos
  4 orcs
  2 bats
  9 giant cockroaches
  14 goblins
  11 hobgoblins
  7 jackals
  A quokka (D:3)
  A ball python (D:2)
  7 frilled lizards
  17 kobolds
  8 rats
117 creatures vanquished.

Notes
Turn   | Place    | Note
-------+----------+-------------------------------------------
     0 | D:1      | MisterFreud the Gnoll Fighter began the quest for the Orb.
     0 | D:1      | Reached XP level 1. HP: 23/23 MP: 1/1
    70 | D:1      | Reached XP level 2. HP: 28/29 MP: 2/2
   218 | D:1      | Reached XP level 3. HP: 35/35 MP: 3/3
   607 | D:2      | Noticed Robin
   608 | D:2      | Reached skill level 1 in Invocations
   622 | D:2      | Killed Robin
   625 | D:2      | Reached skill level 1 in Long Blades
   625 | D:2      | Reached skill level 1 in Axes
   625 | D:2      | Reached skill level 1 in Maces & Flails
   625 | D:2      | Reached skill level 1 in Polearms
   625 | D:2      | Reached skill level 1 in Staves
   625 | D:2      | Reached skill level 1 in Slings
   625 | D:2      | Reached skill level 1 in Bows
   625 | D:2      | Reached skill level 1 in Crossbows
   625 | D:2      | Reached skill level 1 in Throwing
   625 | D:2      | Reached skill level 1 in Dodging
   625 | D:2      | Reached skill level 1 in Stealth
   625 | D:2      | Reached skill level 1 in Unarmed Combat
   625 | D:2      | Reached skill level 1 in Spellcasting
   625 | D:2      | Reached skill level 1 in Evocations
   677 | D:2      | Reached XP level 4. HP: 37/41 MP: 5/5
   695 | D:2      | Found a burning altar of Makhleb.
   888 | D:2      | Reached skill level 1 in Conjurations
   888 | D:2      | Reached skill level 1 in Hexes
   888 | D:2      | Reached skill level 1 in Charms
   888 | D:2      | Reached skill level 1 in Summonings
   888 | D:2      | Reached skill level 1 in Necromancy
   888 | D:2      | Reached skill level 1 in Translocations
   888 | D:2      | Reached skill level 1 in Transmutations
   888 | D:2      | Reached skill level 1 in Fire Magic
   888 | D:2      | Reached skill level 1 in Ice Magic
   888 | D:2      | Reached skill level 1 in Air Magic
   888 | D:2      | Reached skill level 1 in Earth Magic
   888 | D:2      | Reached skill level 1 in Poison Magic
   937 | D:2      | Reached XP level 5. HP: 44/47 MP: 6/6
  1165 | D:2      | Found a stormy altar of Qazlal.
  1694 | D:3      | Found a blossoming altar of Fedhas.
  1862 | D:3      | Reached XP level 6. HP: 53/53 MP: 8/8
  2283 | D:3      | Found an iron altar of Okawaru.
  2578 | D:4      | Reached skill level 5 in Short Blades
  2665 | D:4      | Noticed Grinder
  2668 | D:4      | Paralysed by Grinder for 7 turns
  2680 | D:4      | Killed Grinder
  2680 | D:4      | Reached XP level 7. HP: 29/60 MP: 10/10
  2830 | D:4      | Noticed Edmund
  2859 | D:4      | Killed Edmund
  3174 | D:4      | Noticed Eustachio
  3333 | D:5      | Entered Level 5 of the Dungeon
  3344 | D:5      | Found a sand-covered staircase.
  3354 | Ossuary  | Entered an ossuary
  3372 | Ossuary  | HP: 2/60 [centaur zombie (4)]
  3372 | Ossuary  | Mangled by a mummy

Levels and vault maps discovered:
D:1:      mrwooster_arrival_arrow, layout_basic, minmay_pentomino_x4
D:2:      minmay_skewed_foursquare, layout_loops_cross, lemuel_crystal_altar,
          old_standard_altar, minmay_crystal_room, minmay_misc_feat_iff,
          kennysheep_cluttered_room, minivault_24, uniq_robin
D:3:      layout_basic, okawaru_altar_gauntlet_db, fedhas_ov_isle_minmay
D:4:      layout_basic, uniq_grinder, uniq_eustachio, uniq_edmund
D:5:      layout_loops_cross, gammafunk_temple_overflow_wave,
          lemuel_temple_firewalk_a, nicolae_ossuary_entry_giza, first_ration,
          uniq_sigmund
Ossuary:  ossuary_the_hunt_dpeg

Skill      XL: |  1  2  3  4  5  6  7 |
---------------+----------------------+-----
Invocations    | 1 2 |  2.9
Long Blades    | 1 2 |  2.6
Axes           | 1 2 |  2.6
Maces & Flails | 1 2 |  2.6
Polearms       | 1 2 |  2.6
Staves         | 1 2 |  2.6
Slings         | 1 2 |  2.6
Bows           | 1 2 |  2.6
Crossbows      | 1 2 |  2.6
Throwing       | 1 2 |  2.6
Dodging        | 1 2 |  2.6
Stealth        | 1 2 |  2.6
Unarmed Combat | 1 2 |  2.6
Spellcasting   | 1 2 |  2.6
Evocations     | 1 2 |  2.6
Conjurations   | 1 2 |  2.1
Hexes          | 1 2 |  2.1
Charms         | 1 2 |  2.1
Summonings     | 1 2 |  2.1
Necromancy     | 1 2 |  2.1
Translocations | 1 2 |  2.1
Transmutations | 1 2 |  2.1
Fire Magic     | 1 2 |  2.1
Ice Magic      | 1 2 |  2.1
Air Magic      | 1 2 |  2.1
Earth Magic    | 1 2 |  2.1
Poison Magic   | 1 2 |  2.1
Short Blades   | 5 |  5.3
Fighting       | 7 |  7.1
Armour         | 7 |  7.1
Shields        | 7 |  7.1

Action                   |  1- 3 |  4- 6 |  7- 9 || total
-------------------------+-------+-------+-------++-------
Melee: Rapier            |   115 |   270 |   153 ||   538
       Bite              |    13 |    32 |    17 ||    62
  Use: Potion            |       |     1 |     5 ||     6
  Eat: Chunk             |       |     6 |     7 ||    13
Armor: Scale mail        |    43 |    31 |       ||    74
       Plate armour      |       |    89 |   121 ||   210
Dodge: Dodged            |    31 |    62 |    26 ||   119
Block: Kite shield       |    65 |   166 |   109 ||   340

Table legend:
 A = Non-vault XP
 B = Vault XP
 C = Vault XP percentage of total XP
 D = Non-vault monster count
 E = Vault monster count
 F = Vault count percentage of total count
                 A         B        C        D         E       F
            +---------+---------+-------+---------+---------+-------
      Total |     489 |     559 |  53.3 |      91 |      26 |  22.2
            +---------+---------+-------+---------+---------+-------
        D:1 |      40 |       5 |  11.1 |      21 |       4 |  16.0
        D:2 |     176 |      46 |  20.7 |      31 |      14 |  31.1
        D:3 |      99 |      35 |  26.1 |      27 |       5 |  15.6
        D:4 |     174 |     455 |  72.3 |      12 |       2 |  14.3
        D:5 |       0 |      18 | 100.0 |       0 |       1 | 100.0
            +---------+---------+-------+---------+---------+-------
